 Dungeon Crawl Stone Soup version 0.23-a0-714-g00c90a0c22 (webtiles) character file.

266 Crom the Ducker (level 6, -9/47 HPs)
             Began as a Minotaur Gladiator on Jan 16, 2019.
             Was an Initiate of Okawaru.
             Mangled by a wight
             ... wielding a cursed +0 halberd
              (11 damage)
             ... on level 4 of the Dungeon.
             The game lasted 00:08:17 (3285 turns).

Crom the Ducker (Minotaur Gladiator)                Turns: 3285, Time: 00:08:18

Health: -9/47      AC:  7    Str: 20    XL:     6   Next: 0%
Magic:  5/5        EV: 12    Int:  5    God:    Okawaru [......]
Gold:   155        SH:  0    Dex: 12    Spells: 5/5 levels left

rFire    . . .     SeeInvis .   f - +0 dagger (venom)
rCold    . . .     Gourm    .   (no shield)
rNeg     . . .     Faith    .   g - +2 ring mail {MR+}
rPois    .         Spirit   .   c - +0 hat
rElec    .         Reflect  .   (no cloak)
rCorr    .         Harm     .   (no gloves)
MR       +....     Clarity  +   (no boots)
Stlth    +.........             (no amulet)
HPRegen  0.15/turn              (no ring)
MPRegen  0.09/turn              (no ring)

@: heavily drained
A: retaliatory headbutt, horns 2, clarity, frail 1
a: Renounce Religion


You were on level 4 of the Dungeon.
You worshipped Okawaru.
Okawaru was noncommittal.
You were not hungry.

You visited 2 branches of the dungeon, and saw 5 of its levels.

You collected 155 gold pieces.

Inventory:

Hand Weapons
 a - a +0 war axe
 f - a +0 dagger of venom (weapon)
   (You took it off a kobold on level 1 of the Dungeon)
 q - a +0 hunting sling
   (You took it off a goblin on level 2 of the Dungeon)
Missiles
 d - 3 throwing nets (quivered) {!f}
 r - 17 sling bullets
Armour
 b - a +0 leather armour
 c - a +0 hat (worn)
 g - a +2 ring mail of magic resistance (worn)
   (You found it on level 1 of the Dungeon)
Jewellery
 x - an uncursed ring of poison resistance {unknown}
   (You found it on level 3 of the Dungeon)
Scrolls
 h - a scroll of enchant armour {unknown}
 j - 2 scrolls of enchant weapon {unknown}
 k - a scroll of noise {unknown}
 l - 3 scrolls of teleportation {unknown}
 p - 2 scrolls of identify {unknown}
 s - 2 scrolls of remove curse {@r2}
 u - a scroll of fog {unknown}
 w - a scroll of blinking {unknown}
Potions
 i - a potion of flight {unknown}
 n - a potion of magic {unknown}
 o - a potion of lignification {unknown}
 t - a potion of berserk rage {unknown}
 v - 2 potions of heal wounds {unknown}
 z - a potion of resistance {unknown}
Comestibles
 e - 9 rations {!d}


   Skills:
 + Level 4.6(3.4) Fighting
 - Level 4.0(2.7) Axes
 - Level 2.0(0.8) Throwing
 + Level 3.8(2.5) Armour
 + Level 5.0(3.7) Dodging


You had 5 spell levels left.
You didn't know any spells.
Your spell library was empty.

Dungeon Overview and Level Annotations

Branches:
Dungeon (4/15)             Temple (1/1) D:4

Altars:
Ashenzari
Cheibriados
Dithmenos
Elyvilon
Fedhas
Gozag
Hepliaklqana
Kikubaaqudgha
Makhleb
Nemelex Xobeh
Okawaru
Qazlal
Ru
Sif Muna
Trog
Uskayaw
Wu Jian
Xom
Yredelemnul
Zin
The Shining One


Innate Abilities, Weirdness & Mutations

You reflexively headbutt those who attack you in melee.
You have a pair of horns on your head.
You possess an exceptional clarity of mind.
You are frail. (-10% HP)


Message History

There is a fountain of clear blue water here.
There is a staircase to the Ecumenical Temple here.
You climb downwards.
Welcome back to the Ecumenical Temple!
There is a staircase back to the Dungeon here.
You start resting.
You are feeling very hungry.
You start resting.
You eat one of the 10 rations {!d}.
That ration really hit the spot!
You can't go down here!
You climb upwards.
Welcome back to the Dungeon!
The wight closely misses you. You furiously retaliate!
You headbutt the wight. The wight closely misses you.
The wight hits you with a +5 short sword.
You feel drained.
The wight hits you with a cursed +0 halberd!
There is a staircase to the Ecumenical Temple here.
You hit the wight but do no damage.
The wight hits you with a +5 short sword.
You feel drained.
You hit the wight but do no damage.
You headbutt the wight, but do no damage.
The wight barely misses you.
The wight hits you with a +5 short sword.
* * * LOW HITPOINT WARNING * * *
You hit the wight. The wight hits you but does no damage. The wight misses you.
Unknown command.
You hit the wight but do no damage. The wight closely misses you.
The wight barely misses you.
Unknown command.
You hit the wight but do no damage.
The wight hits you with a +5 short sword!
* * * LOW HITPOINT WARNING * * *
The wight hits you with a cursed +0 halberd.
* * * LOW HITPOINT WARNING * * *
You feel drained.
You hit the wight but do no damage.
You headbutt the wight, but do no damage.
The wight hits you with a +5 short sword.
* * * LOW HITPOINT WARNING * * *
The wight hits you with a cursed +0 halberd!
* * * LOW HITPOINT WARNING * * *
There is a fountain of clear blue water here.
Found a stone staircase leading up.
There is a fountain of clear blue water here.
The wight hits you with a +5 short sword.
* * * LOW HITPOINT WARNING * * *
The wight barely misses you. You furiously retaliate!
You headbutt the wight, but do no damage.
The wight barely misses you.
The wight hits you from afar with a cursed +0 halberd!
You die...

.####...⌠.....###....
.............).......
####.⌠.>.⌠...#####.#
#............# #.#
#......⌠.....# #..
#....#...##..# #.#
+....z..###.## #..
#..z.##.###.# ###
#..@........# ###
#....######.# #..
.......+ ..# #.#
####....# #.# #.#
...... ##.# #.#
...)...+ ..#.# #.#
........###.#<#.#.##.#
#######...<#.###.#.##.#
#...............##.#


You could see 2 wights.

Vanquished Creatures
  A wight (D:4)
  A crimson imp (D:3)
  An orc wizard (D:3)
  An iguana (D:4)
  A worker ant (D:4)
  3 adders
  An ooze (D:3)
  5 worms
  3 dart slugs (D:3)
  A leopard gecko (D:3)
  9 orcs
  2 ball pythons
  4 bats
  2 giant cockroaches
  5 goblins
  7 hobgoblins
  2 jackals (D:1)
  4 kobolds
  A quokka (D:4)
  A frilled lizard (D:3)
  8 rats
63 creatures vanquished.

Notes
Turn   | Place    | Note
-------+----------+-------------------------------------------
     0 | D:1      | Crom the Minotaur Gladiator began the quest for the Orb.
     0 | D:1      | Reached XP level 1. HP: 18/18 MP: 0/0
   181 | D:1      | Reached XP level 2. HP: 25/25 MP: 1/1
   227 | D:1      | HP: 1/25 [poisoned by a kobold]
  1210 | D:2      | Reached skill level 1 in Armour
  1341 | D:2      | Reached XP level 3. HP: 14/31 MP: 2/2
  1986 | D:3      | Reached skill level 4 in Dodging
  2053 | D:3      | Reached XP level 4. HP: 32/38 MP: 3/3
  2270 | D:3      | Reached XP level 5. HP: 29/46 MP: 4/4
  2280 | D:3      | Gained mutation: You expend magic power (3 MP) to
                  | strengthen your wands. [potion of mutation]
  2280 | D:3      | Gained mutation: Armour fits poorly on your strangely
                  | shaped body. [potion of mutation]
  2280 | D:3      | Gained mutation: Scrolls take you a little longer to read.
                  | [potion of mutation]
  2280 | D:3      | Gained mutation: You possess an exceptional clarity of
                  | mind. [potion of mutation]
  2550 | D:4      | Found a staircase to the Ecumenical Temple.
  2562 | D:4      | Lost mutation: Armour fits poorly on your strangely shaped
                  | body. [potion of mutation]
  2562 | D:4      | Lost mutation: Scrolls take you a little longer to read.
                  | [potion of mutation]
  2562 | D:4      | Lost mutation: You expend magic power (3 MP) to strengthen
                  | your wands. [potion of mutation]
  2562 | D:4      | Gained mutation: You are frail. (-10% HP) [potion of
                  | mutation]
  2562 | D:4      | Lost mutation: You possess an exceptional clarity of mind.
                  | [potion of mutation]
  2562 | D:4      | Gained mutation: You possess an exceptional clarity of
                  | mind. [potion of mutation]
  2585 | Temple   | Entered the Ecumenical Temple
  2620 | Temple   | Became a worshipper of Warmaster Okawaru
  2970 | D:4      | Reached skill level 5 in Dodging
  2970 | D:4      | Reached XP level 6. HP: 10/47 MP: 5/5
  3262 | D:4      | HP: 1/47 [wight/cursed +0 halberd (8)]
  3278 | D:4      | HP: 1/47 [wight/+5 short sword (2)]
  3285 | D:4      | Mangled by a wight

Vault maps used:
D:1:      lordsloth_arrival_two_stooges
D:3:      minmay_circle_x
D:4:      temple_fountains
Temple:   nicolae_temple_the_god_donut

Skill      XL: |  1  2  3  4  5 |
---------------+----------------+-----
Axes           | 4 |  4.0
Armour         | 1 2 3 |  3.8
Fighting       | 3 4 |  4.6
Dodging        | 4 5 |  5.0
Throwing       | |  2.0

Action                   |  1- 3 |  4- 6 || total
-------------------------+-------+-------++-------
Melee: War axe           |    13 |       ||    13
       Dagger            |    75 |    89 ||   164
       Headbutt          |    11 |    18 ||    29
  Use: Scroll            |     1 |       ||     1
       Potion            |       |     4 ||     4
  Eat: Chunk             |     4 |     2 ||     6
       Ration            |       |     1 ||     1
Armor: Ring mail         |    25 |    26 ||    51
Dodge: Dodged            |    56 |    52 ||   108

Table legend:
 A = Non-vault XP
 B = Vault XP
 C = Vault XP percentage of total XP
 D = Non-vault monster count
 E = Vault monster count
 F = Vault count percentage of total count
                 A         B        C        D         E       F
            +---------+---------+-------+---------+---------+-------
      Total |     372 |       9 |   2.4 |      59 |       4 |   6.3
            +---------+---------+-------+---------+---------+-------
        D:1 |      19 |       0 |   0.0 |      12 |       0 |   0.0
        D:2 |      54 |       0 |   0.0 |      13 |       0 |   0.0
        D:3 |     140 |       9 |   6.0 |      23 |       4 |  14.8
        D:4 |     159 |       0 |   0.0 |      11 |       0 |   0.0
            +---------+---------+-------+---------+---------+-------
